 Dungeon Crawl Stone Soup version 0.27.0-1-g7a089689b8 (webtiles) character file.

Game seed: 3802060892695335994

7330 inmateoo the Grappler (level 10, 0/150 HPs)
             Began as a Troll Hunter on Aug 2, 2021.
             Was a High Priest of Elyvilon.
             Slain by a manticore (5 damage)
             ... on level 10 of the Dungeon.
             The game lasted 00:10:14 (7261 turns).

inmateoo the Grappler (Troll Hunter)                Turns: 7261, Time: 00:10:15

Health: 0/150      AC: 25    Str: 23    XL:     10   Next: 90%
Magic:  12/12      EV:  1    Int:  7    God:    Elyvilon [*****.]
Gold:   287        SH:  0    Dex: 12    Spells: 11/13 levels left

rFire    + . .     SeeInvis .     - Unarmed
rCold    + . .     Faith    .   (no shield)
rNeg     + + +     Spirit   .   (armour currently unavailable)
rPois    +         Reflect  .   (helmet currently unavailable)
rElec    .         Harm     .   (cloak currently unavailable)
rCorr    .         Rampage  .   (gloves unavailable)
Will     .....     NoTele   +   (boots unavailable)
Stlth    +.........             (no amulet)
HPRegen  1.35/turn              a - ring of protection from fire
MPRegen  0.13/turn              t - ring of protection from cold

@: tree-form
A: stationary, stasis, torment immunity, boosted hp, large, unfitting armour,
(claws 3), regeneration 1, (shaggy fur 1), (tough skin 1)
a: Renounce Religion, Lesser Healing, Heal Other, Purification, Greater Healing,
Divine Vigour, Divine Protection


You were on level 10 of the Dungeon.
You worshipped Elyvilon.
Elyvilon was extremely pleased with you.
You were a tree.
You visited 1 branch of the dungeon, and saw 10 of its levels.
You also visited: Sewer.

You collected 740 gold pieces.
You spent 453 gold pieces at shops.

Inventory:

Missiles
 c - 3 large rocks
 d - a throwing net (quivered)
 B - 16 boomerangs
Armour
 g - a +1 cloak (melded)
 r - a +0 troll leather armour (melded)
Jewellery
 a - a ring of protection from fire (left branch)
 t - a ring of protection from cold (right branch)
 x - a +4 ring of protection
Wands
 m - a wand of flame (23)
 q - a wand of charming (17)
 y - a wand of iceblast (4)
 A - a wand of mindburst (9)
 D - a wand of polymorph (7)
Scrolls
 i - a scroll of immolation
 k - 2 scrolls of enchant weapon
 l - 8 scrolls of teleportation
 o - 2 scrolls of enchant armour
 p - a scroll of identify
 u - 3 scrolls of amnesia
 E - a scroll of fear
 F - a scroll of summoning {unknown}
Potions
 b - a potion of might
 e - 8 potions of heal wounds
 f - a potion of mutation
 h - 5 potions of curing
 j - 3 potions of lignification
 n - 3 potions of attraction
 s - a potion of berserk rage
 v - a potion of haste
 w - a potion of ambrosia
 z - 4 potions of flight {unknown}
 C - a potion of resistance {unknown}
Miscellaneous
 G - a phantom mirror


   Skills:
 + Level 6.7 Fighting
 + Level 6.8 Throwing
 - Level 4.0 Armour
 + Level 5.5 Dodging
 - Level 0.3 Stealth
 + Level 10.1 Unarmed Combat
 - Level 2.0 Spellcasting


You had 11 spell levels left.
You knew the following spells:

 Your Spells              Type           Power      Damage    Failure   Level
a - Wereblood             Tmut           0%         N/A       50%         2

Your spell library contained the following spells:

 Spells                   Type           Power      Damage    Failure   Level
 Foxfire                  Conj/Fire      0%         2x1d4     36%         1
 Sting                    Tmut/Pois      0%         1d3       36%         1
 Slow                     Hex            0%         N/A       50%         2
 Confusing Touch          Hex            0%         N/A       75%         3
 Conjure Flame            Conj/Fire      0%         6-21      75%         3
 Ignite Poison            Fire/Tmut/Pois 0%         N/A       75%         3
 Inner Flame              Hex/Fire       0%         N/A       75%         3
 Olgreb's Toxic Radiance  Pois           0%         N/A       98%         4
 Agony                    Necr           0%         N/A       100%        5
 Yara's Violent Unravell  Hex/Tmut       0%         3d3       100%        5
 Ozocubu's Refrigeration  Ice            0%         4d5       100%        7
 Ignition                 Fire           0%         3d3       100%        8
 Death's Door             Necr           0%         N/A       100%        9


Dungeon Overview and Level Annotations

Branches:
Dungeon (10/15)            Temple (0/1) D:6           Sewer (visited)
   Lair: D:8-11         Orc: D:9-12

Altars:
Ashenzari
Elyvilon
Hepliaklqana
Okawaru
Qazlal
Trog
Vehumet
Xom
Yredelemnul
Zin

Shops:
D:6 *   D:8 *   D:9 ?

Annotations:
D:8 3 runed translucent doors, bl3nd3r's ghost, novice GrGl


Innate Abilities, Weirdness & Mutations

You are a tree.
Your roots penetrate the ground, keeping you stationary.
You cannot be teleported.
You are immune to unholy pain and torment.
Your maximum health is greatly increased.
Your equipment is partially melded.
You are too large for most types of armour.
((You have claws for hands.))
Your natural rate of healing is unusually fast.
((You are covered in fur. (AC +1)))
((You have tough skin. (AC +1)))


Message History

Unknown command.
You claw the catoblepas!
The catoblepas is heavily wounded.
The catoblepas struggles against the net.
The net rips apart, and the catoblepas comes free!
The manticore bites you!
The manticore claws you but does no damage.
The manticore claws you.
Unknown command.
Throw: 2 throwing nets
Press: ? - help, Q - select action, (/) - cycle Shift-Dir - straight line, f/p - catoblepas
Aim: a catoblepas (heavily wounded, 90% to hit)
You throw a throwing net. The throwing net hits the catoblepas.
The catoblepas is caught in the net!
The catoblepas is heavily wounded.
The catoblepas breathes a plume of calcifying dust at you.
The blast of calcifying dust hits you!
* * * LOW HITPOINT WARNING * * *
The catoblepas struggles against the net.
The manticore bites you.
* * * LOW HITPOINT WARNING * * *
The manticore closely misses you. The manticore claws you.
* * * LOW HITPOINT WARNING * * *
The manticore bites you but does no damage.
The manticore claws you.
* * * LOW HITPOINT WARNING * * *
The manticore claws you but does no damage.
Unknown command.
Unknown command.
Really quaff the potion of lignification?
You turn into a tree.
Your +1 cloak melds into your body.
Your +0 troll leather armour melds into your body.
Your roots penetrate the ground.
The catoblepas struggles against the net.
The manticore bites you!
* * * LOW HITPOINT WARNING * * *
The manticore claws you.
* * * LOW HITPOINT WARNING * * *
The manticore claws you.
You die...

#.### #...# ###.#######
#######..
#.........###.......#
###[#.##.....##.####..###
##.....##.................
...#.#........##§####..#
####.#.##...<###..§....##
# #......######♣§........
# #......#####.YH#######.
##.#.###...##(##...#
####.#.###.$≈≈#'#≈≈$.#
##.<.....##.≈..≈(≈..≈.#
....#.#.#.##≈.......≈##
......#.##.##≈.≈≈≈.≈##
......#.#...#.$≈<≈..#
....##...#.##≈.≈≈≈.H#


You could see a catoblepas (caught) and a manticore.

Vanquished Creatures
  A two-headed ogre (D:10)
  Maggie (D:10)
  Psyche (D:8)
  2 hornets
  2 trolls
  Grinder (D:3)
  A wyvern (D:9)
  A vampire (D:10)
  A wraith (D:6)
  8 yaks
  A water moccasin (Sewer)
  2 orc warriors
  A sky beast (D:6)
  A necrophage (D:6)
  An ogre (D:4)
  7 centaurs
  A phantom (D:7)
  2 kobold brigands
  Blork the orc (D:5)
  3 bullfrogs
  3 gnoll sergeants
  A wyvern skeleton (D:6)
  2 water moccasin skeletons
  5 killer bees (D:10)
  4 howler monkeys
  8 wights (D:9)
  2 jellies (D:4)
  3 hounds
  4 orc priests
  2 centaur zombies (D:9)
  A bullfrog skeleton (D:7)
  Jessica (D:3)
  Natasha (twice) (D:2)
  An iguana (D:6)
  3 orc wizards
  2 killer bee zombies (D:8)
  A hound skeleton (D:4)
  A howler monkey zombie (D:5)
  18 gnolls
  5 adders
  A howler monkey skeleton (D:6)
  A river rat (D:4)
  An ufetubus (D:4)
  An adder skeleton (D:5)
  2 dart slugs
  13 orcs
  3 ball pythons
  9 bats
  6 endoplasms
  3 giant cockroaches
  10 goblins
  A hobgoblin (D:2)
  4 jackals (D:2)
  14 kobolds
  3 quokkas (D:1)
  2 frilled lizards
  4 rats
186 creatures vanquished.

Notes
Turn   | Place    | Note
-------+----------+-------------------------------------------
     0 | D:1      | inmateoo the Troll Hunter began the quest for the Orb.
     0 | D:1      | Reached XP level 1. HP: 19/19 MP: 0/0
   103 | D:1      | Reached skill level 1 in Unarmed Combat
   106 | D:1      | Reached XP level 2. HP: 28/28 MP: 1/1
   443 | D:1      | Reached skill level 2 in Unarmed Combat
   443 | D:1      | Reached XP level 3. HP: 31/35 MP: 2/2
   624 | D:2      | Reached XP level 4. HP: 44/44 MP: 3/3
   627 | D:2      | Reached skill level 3 in Unarmed Combat
   777 | D:2      | Noticed Natasha
   788 | D:2      | Killed Natasha
   819 | D:2      | Found a hazy altar of Hepliaklqana.
   906 | D:2      | Noticed Natasha
   914 | D:2      | Killed Natasha
   915 | D:2      | Reached XP level 5. HP: 16/52 MP: 4/4
   998 | D:3      | Reached skill level 4 in Unarmed Combat
  1081 | D:3      | Noticed Jessica
  1085 | D:3      | Killed Jessica
  1132 | D:3      | Noticed Grinder
  1143 | D:3      | Paralysed by Grinder for 4 turns
  1149 | D:3      | Killed Grinder
  1150 | D:3      | Reached skill level 5 in Unarmed Combat
  1150 | D:3      | Reached XP level 6. HP: 31/61 MP: 5/5
  1349 | D:3      | Found a glowing silver altar of Zin.
  1427 | D:3      | Found a bloodstained altar of Trog.
  1427 | D:3      | Found a faded altar of an unknown god.
  1434 | D:3      | Found a stormy altar of Qazlal.
  1436 | D:3      | Found a shimmering altar of Xom.
  1438 | D:3      | Found a faded altar of an unknown god.
  1455 | D:3      | Became a worshipper of Elyvilon the Healer
  1455 | D:3      | Reached * piety under Elyvilon
  1792 | D:4      | Reached skill level 6 in Unarmed Combat
  1792 | D:4      | Reached XP level 7. HP: 66/68 MP: 6/6
  1845 | D:4      | Found a glowing drain.
  1861 | Sewer    | Entered a sewer
  1936 | Sewer    | Reached ** piety under Elyvilon
  2087 | D:4      | Found a basalt altar of Yredelemnul.
  2206 | D:4      | Identified a scroll of acquirement
  2206 | D:4      | Acquired a ring of protection from fire
  2242 | D:5      | Entered Level 5 of the Dungeon
  2242 | D:5      | Noticed Blork the orc
  2255 | D:5      | Killed Blork the orc
  2256 | D:5      | Reached skill level 7 in Unarmed Combat
  2296 | D:5      | Found a radiant altar of Vehumet.
  2480 | D:5      | Reached skill level 8 in Unarmed Combat
  2482 | D:5      | Reached XP level 8. HP: 35/78 MP: 7/7
  2658 | D:5      | Reached *** piety under Elyvilon
  2731 | D:5      | Found a hazy altar of Hepliaklqana.
  2849 | D:6      | Found a staircase to the Ecumenical Temple.
  2863 | D:6      | Reached skill level 1 in Armour
  2893 | D:6      | Noticed a troll
  2902 | D:6      | Killed a troll
  3002 | D:6      | Found Hum Vuso's Hallowed Reliquary.
  3002 | D:6      | Noticed an angel
  3007 | D:6      | Bought a potion of heal wounds for 65 gold pieces
  3007 | D:6      | Bought a potion of heal wounds for 65 gold pieces
  3555 | D:6      | Reached XP level 9. HP: 87/87 MP: 8/8
  3770 | D:7      | Got Fouhun's Reference Book on Unstable Darkness
  3790 | D:7      | Reached **** piety under Elyvilon
  3885 | D:7      | Reached skill level 5 in Fighting
  3984 | D:7      | Found a broken altar of Ashenzari.
  4113 | D:7      | Reached skill level 5 in Throwing
  4349 | D:7      | Learned a level 2 spell: Wereblood
  4651 | D:8      | Noticed Psyche
  4670 | D:8      | Killed Psyche
  4759 | D:8      | Found an iron altar of Okawaru.
  4832 | D:8      | Reached skill level 9 in Unarmed Combat
  4859 | D:8      | Reached skill level 1 in Spellcasting
  5027 | D:8      | Found a runed translucent gate.
  5027 | D:8      | Found a runed translucent gate.
  5027 | D:8      | Found a runed translucent gate.
  5032 | D:8      | Noticed bl3nd3r's ghost (novice GrGl)
  5079 | D:8      | Reached ***** piety under Elyvilon
  5088 | D:8      | Paralysed by a hornet for 1 turns
  5097 | D:8      | Reached XP level 10. HP: 21/98 MP: 11/11
  5543 | D:8      | Found Joyh Epoa's Assorted Antiques.
  5546 | D:8      | Bought 2 fizzy pink potions for 57 gold pieces
  5546 | D:8      | Bought a metallic coppery potion for 28 gold pieces
  5546 | D:8      | Bought a fizzy pink potion for 28 gold pieces
  5714 | D:9      | Found Garcho Ehiwu's Magic Scroll Shoppe.
  5722 | D:9      | Bought a scroll of identify for 24 gold pieces
  5722 | D:9      | Bought a scroll of identify for 24 gold pieces
  5722 | D:9      | Bought a scroll of identify for 24 gold pieces
  5722 | D:9      | Bought a scroll of identify for 24 gold pieces
  5726 | D:9      | Bought a scroll of identify for 24 gold pieces
  5726 | D:9      | Bought a scroll of identify for 24 gold pieces
  5726 | D:9      | Bought a scroll of identify for 24 gold pieces
  5726 | D:9      | Bought a scroll of immolation for 42 gold pieces
  5839 | D:9      | Paralysed by a hornet for 3 turns
  6583 | D:10     | Entered Level 10 of the Dungeon
  6647 | D:10     | Reached skill level 5 in Dodging
  7015 | D:10     | Noticed Maggie
  7022 | D:10     | Killed Maggie
  7023 | D:10     | Reached skill level 10 in Unarmed Combat
  7123 | D:10     | Noticed a two-headed ogre
  7129 | D:10     | Killed a two-headed ogre
  7243 | D:10     | Noticed a catoblepas
  7244 | D:10     | Noticed a manticore
  7261 | D:10     | HP: 7/150 [manticore (17)]
  7261 | D:10     | Slain by a manticore

Illustrated notes

Levels and vault maps discovered:
D:1:      saegor_arrival_simple_c, layout_rooms, minmay_quantized
D:2:      layout_rooms, basic_altar, minivault_26, uniq_natasha
D:3:      layout_loops_ring, mainiacjoe_overflow_concentric_impassable,
          chequers_temple_overflow_minitemple, cheibrodos_gnoll_hut,
          uniq_jessica, uniq_grinder
D:4:      layout_rooms, amcnicky_altar_gilded, portal_sewer_entry_b,
          minmay_statues_item
D:5:      layout_cave_pools, mainiacjoe_overflow_tiny_flanked,
          old_standard_altar, chequers_serial_rivers_room_b, uniq_blork_the_orc
D:6:      layout_basic, minmay_temple_entry_glass, nicolae_good_shop
D:7:      layout_loops_cross, cheibrodos_ashenzari_chains
D:8:      layout_cave_pods, lemuel_doored_altar, gammafunk_ghost_necromancy,
          serial_shops, kennysheep_mini_moat, chequers_serial_rivers_small_a,
          uniq_psyche
D:9:      layout_irregular_city, serial_shops, shop
D:10:     nzn_motion_control, layout_loops_cross, uniq_maggie

Skill      XL: |  1  2  3  4  5  6  7  8  9 10 |
---------------+-------------------------------+-----
Unarmed Combat | 1 2 3 5 6 8 9 10 | 10.1
Fighting       | 2 3 4 5 6 |  6.7
Armour         | 2 3 4 |  4.0
Dodging        | 3 4 5 |  5.5
Throwing       | 4 5 6 |  6.8
Spellcasting   | 1 2 |  2.0
Stealth        | |  0.3

Action                   |  1- 3 |  4- 6 |  7- 9 | 10-12 || total
-------------------------+-------+-------+-------+-------++-------
Melee: Unarmed           |    67 |   119 |   252 |   219 ||   657
       Punch             |     2 |     2 |     5 |    12 ||    21
Throw: Boomerang         |       |       |     2 |     4 ||     6
       Large rock        |       |       |       |     2 ||     2
       Throwing net      |       |       |       |     2 ||     2
  Use: Scroll            |       |       |    10 |    12 ||    22
       Potion            |       |       |       |     3 ||     3
 Stab: Held in net/web   |       |       |       |     2 ||     2
Armor: Robe              |    36 |    56 |    30 |       ||   122
       Troll leather arm |       |       |    52 |    72 ||   124
       Skin              |       |       |       |     6 ||     6
Dodge: Dodged            |    44 |    47 |   123 |   132 ||   346
